[Event "Team 45 45 League T55"]
[Site "Internet Chess Club"]
[Date "2012.12.23"]
[Round "6"]
[White "steadman"]
[Black "jt2000"]
[Result "1-0"]
[WhiteElo "2134"]
[BlackElo "1727"]
[Opening "Queen's gambit declined"]
[ECO "D30"]
[Time "19:00:40"]
[TimeControl "2700+45"]

1. d4 d5 2. c4 e6 3. Nf3 Nf6 4. g3 c6 5. Bg2 Nbd7 6. Qc2 dxc4 7. Qxc4 Nb6 8. Qc2
Be7 9. O-O O-O 10. e4 Bd7 11. Nbd2 Rc8 12. Nb3 c5 13. dxc5 Na4 14. Be3 b6 15.
Ne5 Bb5 16. Rfd1 Qc7 17. Bf4 Nh5 18. Nd4 Nxf4 19. gxf4 Be8 20. c6 b5 21. Nxb5
Qa5 22. Nd6 Bxd6 23. Rxd6 g5 24. Ng4 Kg7 25. e5 Nc5 26. fxg5 Nb7 27. Nf6 Rh8 28.
cxb7 Rxc2 29. b8=Q Bc6 30. Nh5+ {Black resigns} 1-0

[Event "Team 45 45 League T55"]
[Site "Internet Chess Club"]
[Date "2012.12.27"]
[Round "6"]
[White "npranav"]
[Black "Kueh"]
[Result "0-1"]
[WhiteElo "1751"]
[BlackElo "1977"]
[Opening "King's Indian: Kramer system"]
[ECO "E70"]
[Time "10:30:05"]
[TimeControl "2700+45"]

1. d4 Nf6 2. c4 g6 3. Nc3 Bg7 4. e4 d6 5. Nge2 O-O 6. Ng3 c5 7. d5 e6 8. Be2
exd5 9. exd5 h5 10. O-O h4 11. Nge4 Nxe4 12. Nxe4 Bf5 13. Bd3 h3 14. g3 Re8 15.
Ng5 Bxd3 16. Qxd3 Nd7 17. Nxh3 Ne5 18. Qb3 Qb6 19. Bf4 Qb4 20. Qxb4 cxb4 21.
Bxe5 Rxe5 22. Rfe1 Rc8 23. f4 Rxe1+ 24. Rxe1 Rxc4 25. Re7 Bxb2 26. Rxb7 Bd4+ 27.
Kg2 Rc2+ 28. Kf3 f5 29. Rxb4 Bb6 30. g4 Rxh2 31. Ng5 Rxa2 32. gxf5 gxf5 33. Rc4
Rf2+ 34. Kg3 Rd2 35. Rc8+ Kg7 36. Ne6+ Kh7 37. Ng5+ Kg6 38. Rg8+ Kh6 39. Rh8+
Kg7 40. Rh7+ Kg6 41. Rd7 Rd3+ 42. Kg2 Rxd5 43. Ne6 Rd2+ 44. Kg3 Rd3+ 45. Kg2 a5
46. Rb7 Be3 47. Nf8+ Kf6 48. Nh7+ Ke6 49. Nf8+ Kd5 50. Rb5+ Ke4 51. Rxa5 Rd2+
52. Kh3 d5 53. Ne6 Bxf4 54. Nxf4 Kxf4 55. Ra4+ d4 56. Rb4 Kf3 57. Kh4 Rg2 58.
Kh3 Rg8 59. Rb3+ Ke4 60. Rb4 f4 61. Kh2 f3 62. Rb7 f2 63. Re7+ Kd3 64. Rf7 Ke2
65. Re7+ Kf1 66. Rd7 Rh8+ 67. Kg3 Kg1 68. Rxd4 f1=Q 69. Rf4 Qg2# {White
checkmated} 0-1

[Event "Team 45 45 League T55"]
[Site "Internet Chess Club"]
[Date "2012.12.22"]
[Round "6"]
[White "Wargasm"]
[Black "MikeA"]
[Result "1-0"]
[WhiteElo "2214"]
[BlackElo "2227"]
[Opening "QGD Slav: 4.e3"]
[ECO "D11"]
[Time "14:25:40"]
[TimeControl "2700+45"]

1. d4 d5 2. c4 c6 3. Nf3 Nf6 4. e3 e6 5. b3 Nbd7 6. Bb2 Bd6 7. Bd3 O-O 8. O-O
Re8 9. Ne5 b6 10. Nd2 Bb7 11. Qf3 c5 12. Qh3 cxd4 13. exd4 Rc8 14. Rad1 Qe7 15.
f4 g6 16. Ndf3 Ne4 17. cxd5 Bxd5 18. Bxe4 Bxe4 19. Ng5 Nf6 20. Ng4 Bf5 21. Nxf6+
Qxf6 22. Qxh7+ Kf8 23. d5 e5 24. Bxe5 Bxe5 25. fxe5 Qxg5 26. d6 Qe3+ 27. Kh1
Qxe5 28. d7 Qf6 29. dxc8=Q Rxc8 30. Qh6+ Qg7 31. Qf4 {Black resigns} 1-0

[Event "Team 45 45 League T55"]
[Site "Internet Chess Club"]
[Date "2012.12.23"]
[Round "6"]
[White "StephenHawking"]
[Black "Pomberito"]
[Result "1-0"]
[WhiteElo "2224"]
[BlackElo "2119"]
[Opening "QGD: Albin counter-gambit, Alapin variation"]
[ECO "D08"]
[Time "20:02:38"]
[TimeControl "2700+45"]

1. d4 d5 2. c4 e5 3. dxe5 d4 4. Nf3 Nc6 5. Nbd2 Be6 6. g3 g5 7. h3 Bb4 8. Qb3 b5
9. e4 dxe3 10. Qxe3 bxc4 11. Bg2 Qd7 12. Nxg5 Nd4 13. O-O Rd8 14. Nxe6 Qxe6 15.
Nf3 Nc2 16. Qg5 Ne7 17. Rb1 Ng6 18. Qf6 h6 19. a3 Bc5 20. Bd2 Rd3 21. Rfd1 Qb6
22. Qxb6 axb6 23. Rbc1 Nd4 24. Nxd4 Bxd4 25. Rxc4 c5 26. e6 Ne5 27. Ra4 Ke7 28.
exf7 Kxf7 29. Be4 Nf3+ 30. Bxf3 Rxf3 31. Bc3 Rxg3+ 32. Kh2 Rf3 33. Bxd4 cxd4 34.
Rd2 Rd8 35. Kg2 Rb3 36. Raxd4 Rxd4 37. Rxd4 Rxb2 38. Rb4 Ra2 39. Rxb6 Rxa3 40.
Rxh6 Kg7 41. Rb6 Ra4 42. Kg3 Ra3+ 43. f3 Ra1 44. h4 Rg1+ 45. Kf4 Rh1 46. Kg5
Rg1+ 47. Kf5 Rh1 48. Rb7+ Kh6 49. Kg4 Rg1+ 50. Kf4 Rh1 51. Rb6+ Kh5 52. Kf5 Rf1
53. f4 Kxh4 54. Rg6 Kh5 55. Rg2 Kh6 56. Re2 Ra1 57. Kf6 Kh7 58. f5 Rf1 59. Re5
Ra1 60. Kf7 Ra6 61. Re6 Ra5 62. f6 Ra7+ 63. Kf8 Ra8+ 64. Re8 Ra1 65. f7 Rf1 66.
Ke7 Re1+ 67. Kd6 Rd1+ 68. Kc5 {Black resigns} 1-0

[Event "Team 45 45 League T55"]
[Site "Internet Chess Club"]
[Date "2012.12.22"]
[Round "6"]
[White "perikitosax"]
[Black "Aragonof"]
[Result "1-0"]
[WhiteElo "1944"]
[BlackElo "1970"]
[Opening "QGD Slav: 4.Nc3"]
[ECO "D15"]
[Time "10:15:37"]
[TimeControl "2700+45"]

1. d4 d5 2. Nf3 Nf6 3. c4 c6 4. Nc3 a6 5. e3 Bf5 6. Qb3 b5 7. cxd5 cxd5 8. a4
Qa5 9. Bd2 b4 10. Na2 e6 11. Bxb4 Qb6 12. a5 Qb7 13. Qa3 Nc6 14. Bxf8 Rxf8 15.
Be2 Nd7 16. O-O f6 17. Rfc1 Kf7 18. Nh4 Be4 19. f3 Bg6 20. Nxg6 hxg6 21. Rc2 Rh8
22. Qd6 Rac8 23. Bxa6 Qxa6 24. Qxd7+ Ne7 25. Nb4 Qb5 26. Qxb5 {Black resigns}
1-0

[Event "Team 45 45 League T55"]
[Site "Internet Chess Club"]
[Date "2012.12.22"]
[Round "6"]
[White "searchforbobby1"]
[Black "chess9793"]
[Result "0-1"]
[WhiteElo "2126"]
[BlackElo "2205"]
[Opening "Sicilian: Alapin's variation (2.c3)"]
[ECO "B22"]
[Time "22:04:43"]
[TimeControl "2700+45"]

1. e4 c5 2. c3 Nf6 3. e5 Nd5 4. d4 cxd4 5. Nf3 Nc6 6. cxd4 d6 7. Bc4 Nb6 8. Bb3
dxe5 9. d5 Na5 10. Nc3 Nxb3 11. Qxb3 e6 12. Nxe5 Bd6 13. Qb5+ Kf8 14. dxe6 Bxe6
15. Bf4 a6 16. Qe2 Qc7 17. O-O-O Nc4 18. Rxd6 Nxd6 19. Rd1 Rd8 20. Kb1 Qa5 21.
g4 Nb5 22. Rxd8+ Qxd8 23. Nxb5 axb5 24. Qxb5 f6 25. Nd3 Qd5 26. Qxd5 Bxd5 27.
Nc5 g5 28. Be3 Ke7 29. b4 Ra8 30. Kb2 Rxa2+ 31. Kc3 Ra1 32. Nd3 Bf3 33. Nc5 Rh1
34. b5 Rb1 35. Nb3 Bxg4 36. b6 Rh1 37. Bc5+ Kd7 38. Bd4 Ke7 39. Bc5+ Kf7 40. Bd6
h5 41. Bc7 Rf1 42. Nc5 Bf3 43. Nd3 Be4 44. Nc5 f5 45. Kd4 Rxf2 46. Nxe4 fxe4 47.
Kxe4 Ke6 48. Ke3 Rb2 49. Ke4 Rb4+ 50. Ke3 Kd5 51. Bd8 Rb2 52. Bc7 Rb3+ 53. Kf2
Kc6 54. Bd8 g4 55. Kg2 Rxb6 56. Bxb6 Kxb6 57. Kg3 Kc5 58. Kh4 b5 59. Kxh5 b4 60.
Kxg4 b3 61. h4 b2 62. h5 b1=Q 63. Kg5 Qh7 {White resigns} 0-1

[Event "Team 45 45 League T55"]
[Site "Internet Chess Club"]
[Date "2012.12.23"]
[Round "6"]
[White "Rodin7"]
[Black "Burning-Bush"]
[Result "1-0"]
[WhiteElo "2058"]
[BlackElo "2070"]
[Opening "Pirc defense"]
[ECO "B07"]
[Time "22:05:11"]
[TimeControl "2700+45"]

1. e4 d6 2. d4 Nf6 3. Nc3 g6 4. Be3 Bg7 5. f3 c6 6. Bd3 b5 7. Nge2 Nbd7 8. O-O
O-O 9. Qd2 Re8 10. a3 a6 11. b4 Qc7 12. Rad1 Bb7 13. a4 c5 14. bxc5 dxc5 15.
dxc5 b4 16. Na2 a5 17. c3 Nxc5 18. cxb4 Nxd3 19. Qxd3 axb4 20. Nxb4 Rxa4 21. Rb1
Qa5 22. Bd2 Qa8 23. Nc3 Rd8 24. Qe2 Ra5 25. Rfd1 e6 26. Be3 Rc8 27. Nb5 Ba6 28.
Nxa6 Qxa6 29. Nd4 Qa8 30. Rdc1 Rxc1+ 31. Rxc1 Ra2 32. Qb5 h6 33. Ne2 Qa3 34. Bc5
Qa8 35. Bd4 Rd2 36. Be3 Rd8 37. h3 Ne8 38. Qc6 Qa3 39. Qc5 Qa4 40. Qc2 Qa6 41.
Qc4 Qa3 42. Qc5 Qd3 43. Kf2 Qb3 44. Qc4 Qb8 45. Qc6 Kh7 46. Qb6 Qa8 47. Qc6 Qa3
48. Qc5 Qd3 49. Qc4 g5 50. Qxd3 Rxd3 51. Rc2 Be5 52. Rd2 Rb3 53. Bd4 Bc7 54. Rc2
f5 55. exf5 exf5 56. Rc6 Rd3 57. Re6 g4 58. hxg4 fxg4 59. fxg4 Rxd4 60. Nxd4 Ng7
61. Rc6 Bb8 62. Nf5 Ne8 63. Rxh6+ Kg8 64. Rc6 Nc7 65. Kf3 Kf7 66. Rb6 {Black
resigns} 1-0

[Event "Team 45 45 League T55"]
[Site "Internet Chess Club"]
[Date "2012.12.27"]
[Round "6"]
[White "PandorasBox"]
[Black "Legal"]
[Result "1/2-1/2"]
[WhiteElo "1906"]
[BlackElo "1962"]
[Opening "Caro-Kann: Rasa-Studier gambit"]
[ECO "B15"]
[Time "14:16:27"]
[TimeControl "2700+45"]

1. d4 d5 2. Nc3 c6 3. e4 dxe4 4. f3 exf3 5. Nxf3 Bg4 6. Be3 Nd7 7. Bc4 e6 8. O-O
Ngf6 9. Qe1 Be7 10. Qg3 O-O 11. Ne5 Bh5 12. Nxd7 Nxd7 13. Bd3 Bg6 14. Bxg6 hxg6
15. Ne2 Bf6 {Game drawn by mutual agreement} 1/2-1/2

[Event "Team 45 45 League T55"]
[Site "Internet Chess Club"]
[Date "2012.12.20"]
[Round "6"]
[White "DouDou"]
[Black "OOB1"]
[Result "0-1"]
[WhiteElo "1625"]
[BlackElo "1438"]
[Opening "Sicilian: Taimanov variation"]
[ECO "B45"]
[Time "20:02:13"]
[TimeControl "2700+45"]

1. e4 c5 2. Nf3 Nc6 3. d4 cxd4 4. Nxd4 e6 5. Nc3 Nf6 6. Nxc6 bxc6 7. Be2 Bb4 8.
Qd3 a5 9. Qf3 d5 10. e5 Ne4 11. O-O Nxc3 12. bxc3 Be7 13. Rb1 O-O 14. Bf4 f6 15.
Qg3 fxe5 16. Bxe5 Bf6 17. Rfd1 Bxe5 18. Qxe5 Qf6 19. Qe3 e5 20. f3 Bf5 21. Rd2
Rae8 22. Bf1 Qg6 23. Rb2 Qf6 24. Rb6 Qd6 25. Bb5 Bd7 26. c4 d4 27. Qe4 Rc8 28.
c3 Qc7 29. c5 cxb5 30. cxd4 exd4 31. Qxd4 Be8 32. Re2 Qxc5 33. Qxc5 Rxc5 34. Rd6
Bf7 35. Red2 a4 36. Rd8 Bc4 37. R8d4 Re5 38. Rb2 Rfe8 39. Rd1 Re1+ 40. Rxe1
Rxe1+ 41. Kf2 Ra1 42. Ke3 a3 {White resigns} 0-1

[Event "Team 45 45 League T55"]
[Site "Internet Chess Club"]
[Date "2012.12.22"]
[Round "6"]
[White "grabuark"]
[Black "Chatica"]
[Result "1/2-1/2"]
[WhiteElo "2228"]
[BlackElo "2272"]
[Opening "Inverted Hanham"]
[ECO "B02"]
[Time "22:05:01"]
[TimeControl "2700+45"]

1. e4 Nf6 2. d3 e5 3. Nf3 Nc6 4. Be2 d5 5. Nbd2 g6 6. O-O Bg7 7. exd5 Nxd5 8.
Ne4 h6 9. Re1 O-O 10. c3 a5 11. Bf1 Re8 12. a4 b6 13. Ng3 Ba6 14. Bd2 Qd6 15.
Qc2 f5 16. h4 Nf4 17. d4 Bxf1 18. Bxf4 exf4 19. Qb3+ Kh7 20. Nxf1 Qd7 21. Qc4
Rad8 22. Rad1 Bf6 23. b3 Kg7 24. Qb5 Nb8 25. N1d2 g5 26. hxg5 hxg5 27. Nc4 Qxb5
28. axb5 Nd7 29. Rxe8 Rxe8 30. Re1 Rxe1+ 31. Nxe1 Be7 32. f3 Nf6 33. Ne5 {Game
drawn by mutual agreement} 1/2-1/2

[Event "Team 45 45 League T55"]
[Site "Internet Chess Club"]
[Date "2012.12.24"]
[Round "6"]
[White "SlimeDog2"]
[Black "Zumbi"]
[Result "0-1"]
[WhiteElo "2115"]
[BlackElo "2266"]
[Opening "King's Indian, 3.Nf3"]
[ECO "E60"]
[Time "01:50:06"]
[TimeControl "2700+45"]

1. d4 Nf6 2. c4 g6 3. Nf3 Bg7 4. g3 d5 5. cxd5 Nxd5 6. Bg2 Nb6 7. Nc3 Nc6 8. Bf4
O-O 9. O-O Nxd4 10. Nxd4 e5 11. Nc6 bxc6 12. Be3 Bd7 13. Qc2 Qe7 14. Rad1 Rfd8
15. Ne4 Nd5 16. Bc5 Qe8 17. Rd2 f5 18. Nc3 Be6 19. e4 Nxc3 20. Rxd8 Rxd8 21.
Qxc3 Bxa2 22. exf5 gxf5 23. Bxa7 e4 24. Qc2 Bd5 25. Rd1 Ra8 26. Bd4 Bxd4 27.
Rxd4 Qe5 28. Rd1 Rb8 29. Qd2 f4 30. gxf4 Qxb2 31. Qe1 Qg7 32. Kh1 Qg4 33. Rd4 e3
34. Bxd5+ cxd5 35. fxe3 Qf3+ 36. Kg1 Kf7 37. Qf2 Rb1+ {White resigns} 0-1

[Event "Team 45 45 League T55"]
[Site "Internet Chess Club"]
[Date "2012.12.22"]
[Round "6"]
[White "MaryAngels"]
[Black "eurander"]
[Result "1/2-1/2"]
[WhiteElo "2040"]
[BlackElo "2110"]
[Opening "Caro-Kann: two knights, 3...Bg4"]
[ECO "B11"]
[Time "05:02:43"]
[TimeControl "2700+45"]

1. e4 c6 2. Nc3 d5 3. Nf3 Bg4 4. h3 Bxf3 5. Qxf3 Nf6 6. g4 Nxe4 7. Nxe4 dxe4 8.
Qxe4 Qd5 9. Bg2 e6 10. O-O Qxe4 11. Bxe4 Nd7 12. d4 Nf6 13. Bf3 Rd8 14. g5 Nd5
15. a3 Bd6 16. c4 Nf4 17. h4 h6 18. Re1 Kf8 19. Re4 hxg5 20. hxg5 Rh4 21. Bd2
Bc7 22. Rae1 Ng6 23. d5 cxd5 24. cxd5 Rxe4 25. Rxe4 {Game drawn by mutual
agreement} 1/2-1/2

[Event "Team 45 45 League T55"]
[Site "Internet Chess Club"]
[Date "2012.12.29"]
[Round "6"]
[White "Epcot"]
[Black "Jack-ONeill"]
[Result "1/2-1/2"]
[WhiteElo "2070"]
[BlackElo "2046"]
[Opening "Old Benoni defense"]
[ECO "A46"]
[Time "11:16:11"]
[TimeControl "2700+45"]

1. d4 Nf6 2. Nf3 c5 3. d5 b5 4. c4 Bb7 5. a4 Qa5+ 6. Bd2 b4 7. g3 e6 8. Bg2 exd5
9. Nh4 Qa6 10. O-O dxc4 11. e4 Nc6 12. f4 O-O-O 13. e5 Ng8 14. Be3 Nh6 15. Bd5
Nd4 16. Bxb7+ Kxb7 17. Bxd4 cxd4 18. Qxd4 Qc6 {Game drawn by mutual agreement}
1/2-1/2

[Event "Team 45 45 League T55"]
[Site "Internet Chess Club"]
[Date "2012.12.22"]
[Round "6"]
[White "AugustoCaruso"]
[Black "chiiwen"]
[Result "1-0"]
[WhiteElo "2189"]
[BlackElo "2137"]
[Opening "Sicilian: Kan, 5.Nc3"]
[ECO "B43"]
[Time "13:03:00"]
[TimeControl "2700+45"]

1. e4 c5 2. Nf3 e6 3. d4 cxd4 4. Nxd4 a6 5. Nc3 Qc7 6. g3 Bb4 7. Nf3 Nf6 8. Bd2
Nc6 9. a3 Be7 10. Bg2 O-O 11. O-O d6 12. Qe2 Bd7 13. h3 Ne5 14. Nxe5 dxe5 15.
Be3 Rac8 16. Rfd1 b5 17. Rd2 Bc6 18. Rad1 Qb7 19. Nd5 Bd8 20. Nxf6+ Bxf6 21. Bc5
Rfe8 22. Qe3 g6 23. h4 h5 24. Bb6 Bg7 25. Ba5 Kh7 26. Rd3 Qa8 27. Kh2 Bh6 28.
Qe1 Qb7 29. Bc3 Bg7 30. Qe3 Re7 31. Qg5 f6 32. Qe3 Rcc7 33. f3 Rcd7 34. Rd6 Bf8
35. Bh3 Rf7 36. R6d3 Rxd3 37. Rxd3 Bd7 38. Bb4 Bh6 39. Qc5 f5 40. Bc3 fxe4 41.
Qxe5 Bg7 42. Qxe4 Bc6 43. Qe1 Bxf3 44. Bxg7 Rxg7 45. Qxe6 Be4 46. Rd2 Re7 47.
Qf6 Rf7 48. Qe5 Bc6 49. Rd8 Rg7 50. Bf5 Qf7 51. Qb8 Kh6 52. Rf8 Qe7 53. Qf4+ Kh7
54. Bxg6+ Rxg6 55. Rf7+ Qxf7 56. Qxf7+ Kh6 57. b4 Rg7 {Black resigns} 1-0

[Event "Team 45 45 League T55"]
[Site "Internet Chess Club"]
[Date "2012.12.19"]
[Round "6"]
[White "NFork"]
[Black "QueensCounselor"]
[Result "1-0"]
[WhiteElo "2217"]
[BlackElo "2078"]
[Opening "Nimzovich-Larsen attack: classical variation"]
[ECO "A01"]
[Time "13:03:28"]
[TimeControl "2700+45"]

1. b3 d5 2. Bb2 Nf6 3. e3 c5 4. Nf3 Nc6 5. Bb5 Bd7 6. O-O e6 7. d3 Be7 8. Nbd2
O-O 9. Bxc6 Bxc6 10. Ne5 Qc7 11. f4 Nd7 12. Qh5 f6 13. Ng4 Nb6 14. Rf3 Be8 15.
Qh3 Kh8 16. c4 dxc4 17. dxc4 Rd8 18. Ne4 Bg6 19. Ngf2 Qc6 20. Ng3 Rd2 21. Bc3
Rd7 22. e4 Rfd8 23. f5 Bf7 24. Rf4 e5 25. Rg4 Bf8 26. Nf1 Bg8 27. Ne3 Nc8 28.
Nd5 b5 29. Qg3 Nb6 30. Ba5 bxc4 31. bxc4 Rb8 32. Bxb6 axb6 33. Nd3 b5 34. Rg6
bxc4 35. Nxe5 {Black resigns} 1-0

[Event "Team 45 45 League T55"]
[Site "Internet Chess Club"]
[Date "2012.12.26"]
[Round "6"]
[White "fledermaus"]
[Black "barbak"]
[Result "1-0"]
[WhiteElo "2043"]
[BlackElo "1987"]
[Opening "QGD: Tarrasch, Prague variation, 9.Bg5"]
[ECO "D34"]
[Time "14:18:54"]
[TimeControl "2700+45"]

1. d4 d5 2. c4 e6 3. Nc3 c5 4. cxd5 exd5 5. Nf3 Nc6 6. g3 Nf6 7. Bg2 Be7 8. O-O
O-O 9. Bg5 cxd4 10. Nxd4 h6 11. Be3 Re8 12. Rc1 Bf8 13. Nxc6 bxc6 14. Na4 Bd7
15. Bd4 Ne4 16. e3 Qa5 17. a3 Nd6 18. b4 Qa6 19. Nc5 Qc8 20. Qa4 Nb5 21. Nxd7
Qxd7 22. Bc5 a5 23. bxa5 Qd8 24. Bxf8 Rxf8 25. Rxc6 Rxa5 26. Qb4 Nxa3 27. Rd6
Qa8 28. Ra1 Rb8 29. Rb6 Rd8 30. Rd1 Nc4 31. Rb5 Ra1 32. Qe1 Ra5 33. Rxa5 Nxa5
34. Qc3 Nc4 35. h3 {Black forfeits on time} 1-0

[Event "Team 45 45 League T55"]
[Site "Internet Chess Club"]
[Date "2012.12.22"]
[Round "6"]
[White "Magagna"]
[Black "jonesey"]
[Result "1-0"]
[WhiteElo "1854"]
[BlackElo "1836"]
[Opening "QGD Slav: exchange variation, 6.Bf4 Bf5"]
[ECO "D14"]
[Time "18:00:26"]
[TimeControl "2700+45"]

1. d4 d5 2. c4 c6 3. cxd5 cxd5 4. Nc3 Nc6 5. Nf3 Nf6 6. Bf4 Bf5 7. e3 e6 8. Qb3
Qb6 9. Qxb6 axb6 10. Bb5 Be7 11. Ne5 Rc8 12. O-O O-O 13. Rac1 Na7 14. Be2 Rfd8
15. h3 h6 16. Na4 Rxc1 17. Rxc1 Rc8 18. Rxc8+ Nxc8 19. Bb5 Bd8 20. Bd3 Bxd3 21.
Nxd3 Kf8 22. Kf1 Ke7 23. Ke2 Nd7 24. Kd1 Ke8 25. Kc2 Ke7 26. Nc3 Nd6 27. b3 Nf6
28. Nb4 Nfe4 29. Bxd6+ Nxd6 30. f3 Kd7 31. Kd3 Be7 32. Nc2 Kc6 33. e4 dxe4+ 34.
fxe4 Bg5 35. a4 Bc1 36. g4 Nc8 37. h4 Ne7 38. Ne2 Bb2 39. Ne3 Ba3 40. Nc2 Bd6
41. e5 Bc7 42. Nb4+ Kd7 43. Nc3 Nc6 44. Nc2 Bd8 45. h5 Be7 46. Na2 Bh4 47. b4
Ne7 48. Nc3 g6 49. Ne3 Bg5 50. Nc4 gxh5 51. gxh5 Nc6 52. Na2 b5 53. axb5 Nd8 54.
Nc3 f5 55. Na4 Bh4 56. Ke2 Kc7 57. b6+ Kc6 58. Nc3 Kd7 59. b5 Nf7 60. Na4 Be7
61. Nc5+ Bxc5 62. dxc5 Nd8 63. Nd6 Ke7 64. Ke3 Kd7 65. Kd4 Ke7 66. c6 bxc6 67.
b7 Nxb7 68. Nxb7 cxb5 69. Nd6 b4 70. Kc4 {Black resigns} 1-0

[Event "Team 45 45 League T55"]
[Site "Internet Chess Club"]
[Date "2012.12.21"]
[Round "6"]
[White "Victor24"]
[Black "spongenotbob"]
[Result "1-0"]
[WhiteElo "1789"]
[BlackElo "1799"]
[Opening "Caro-Kann: advance variation"]
[ECO "B12"]
[Time "13:30:42"]
[TimeControl "2700+45"]

1. e4 c6 2. d4 d5 3. e5 Bf5 4. h4 h5 5. c4 e6 6. Nc3 Nd7 7. cxd5 cxd5 8. Bd3
Bxd3 9. Qxd3 Ne7 10. Nf3 Nf5 11. Nxd5 Nxe5 12. dxe5 Qxd5 13. Qxd5 exd5 14. Bg5
Bb4+ 15. Ke2 d4 16. Rac1 O-O 17. Rc4 Ba5 18. Kd3 f6 19. exf6 gxf6 20. Bf4 Bb6
21. Re1 Rfe8 22. Rxe8+ Rxe8 23. Bc7 Re6 24. Bxb6 Rxb6 25. b3 Kf7 26. g3 Ke6 27.
Nxd4+ Nxd4 28. Kxd4 Rd6+ 29. Ke3 Rd1 30. Rc7 Re1+ 31. Kf3 Ra1 32. a4 b6 33. Rxa7
Ra3 34. Rh7 Rxb3+ 35. Kg2 Rb4 36. Rxh5 Rxa4 37. Rb5 Ra6 38. g4 Kf7 39. Kg3 Ra3+
40. f3 Ra6 41. h5 Kg7 42. Kf4 Ra4+ 43. Kf5 Ra5 44. Rxa5 bxa5 45. Ke4 f5+ 46.
gxf5 a4 47. Kd3 Kh6 48. f6 Kh7 49. Kc3 Kg8 50. h6 Kf7 51. h7 {Black resigns} 1-0

[Event "Team 45 45 League T55"]
[Site "Internet Chess Club"]
[Date "2012.12.22"]
[Round "6"]
[White "Manch"]
[Black "PANAMA-REY"]
[Result "1-0"]
[WhiteElo "1555"]
[BlackElo "1376"]
[Opening "English opening"]
[ECO "A04"]
[Time "13:01:27"]
[TimeControl "2700+45"]

1. Nf3 d6 2. c4 e5 3. Nc3 Nf6 4. e4 Be7 5. d4 Bg4 6. Be2 Nbd7 7. dxe5 dxe5 8. h3
Bxf3 9. Bxf3 c6 10. a3 O-O 11. b4 Qc7 12. O-O Rad8 13. Qc2 Nb6 14. c5 Nc8 15.
Nd1 Qd7 16. Bg5 Qe6 17. Ne3 Nd7 18. Bxe7 Qxe7 19. Nf5 Qf6 20. Rad1 b6 21. Nd6
Nxd6 22. Rxd6 Qe7 23. Rfd1 bxc5 24. Bg4 Nf6 25. Rxd8 Rxd8 26. Rxd8+ Qxd8 27.
Qxc5 Nxg4 28. hxg4 Qc7 29. b5 g6 30. Qxc6 Qa5 31. Qe8+ Kg7 32. Qxe5+ Kg8 33.
Qb8+ Kg7 34. Qe5+ Kg8 35. Qc5 Qe1+ 36. Kh2 Qxe4 37. Qxa7 Qe5+ 38. Kh3 h5 39. f3
hxg4+ 40. Kxg4 f5+ 41. Kh3 f4 42. Qa8+ Kg7 43. Qb7+ Kg8 44. Qc8+ Kg7 45. Qd7+
Kg8 46. Qg4 Kg7 47. b6 Kf6 48. b7 g5 49. a4 Qe7 50. Qh5 Qe6+ 51. Kh2 Qe1 52.
Qh6+ Kf5 53. Qh3+ Kf6 54. b8=Q {Black resigns} 1-0

[Event "Team 45 45 League T55"]
[Site "Internet Chess Club"]
[Date "2012.12.20"]
[Round "6"]
[White "sdcohle"]
[Black "sockmonkey"]
[Result "0-1"]
[WhiteElo "1419"]
[BlackElo "1543"]
[Opening "Nimzo-Indian defense"]
[ECO "E20"]
[Time "15:00:07"]
[TimeControl "2700+45"]

1. d4 Nf6 2. c4 e6 3. Nc3 Bb4 4. Bd2 O-O 5. e3 c5 6. Nf3 cxd4 7. exd4 d5 8. cxd5
exd5 9. Be2 Nc6 10. a3 Bxc3 11. Bxc3 Ne4 12. O-O Re8 13. Rc1 Qd6 14. h3 Qg6 15.
g4 h5 16. Nh2 hxg4 17. hxg4 Ng5 18. f3 Nh3+ 19. Kh1 Nf4 20. Rc2 Bf5 21. gxf5
Qg2# {White checkmated} 0-1

[Event "Team 45 45 League T55"]
[Site "Internet Chess Club"]
[Date "2012.12.21"]
[Round "6"]
[White "justice02"]
[Black "LiangLiang"]
[Result "1/2-1/2"]
[WhiteElo "1692"]
[BlackElo "1686"]
[Opening "Ruy Lopez: 5.O-O"]
[ECO "C78"]
[Time "22:00:08"]
[TimeControl "2700+45"]

1. e4 e5 2. Nf3 Nc6 3. Bb5 a6 4. Ba4 Nf6 5. O-O b5 6. Bb3 Bc5 7. Ng5 O-O 8. c3
d6 9. h3 h6 10. Nxf7 Rxf7 11. Bxf7+ Kxf7 12. d3 Be6 13. Be3 Bb6 14. Nd2 Qd7 15.
Qf3 Rg8 16. a4 bxa4 17. Rxa4 Nd4 18. Rxd4 exd4 19. cxd4 Qb5 20. d5 Bd7 21. Nc4
Bxe3 22. fxe3 Re8 23. Rf2 a5 24. Qg3 a4 25. e5 dxe5 26. Nxe5+ Kf8 27. e4 c5 28.
Ng6+ Kg8 29. Ne5 Qb8 30. Rxf6 Qxe5 31. Qxe5 Rxe5 32. Rd6 Bb5 33. Rd8+ Kf7 34.
Ra8 Bxd3 35. Rxa4 Rxe4 36. Ra7+ Kf6 37. d6 Ke6 38. Rxg7 Kxd6 39. Rg3 c4 40. b3
Bc2 41. bxc4 Rxc4 42. Rf3 Ke5 43. Kf2 Rf4 44. Rxf4 Kxf4 45. g3+ Kg5 46. Ke3 Bf5
47. g4 Bxg4 48. hxg4 Kxg4 49. Kf2 Kh3 50. Kg1 h5 51. Kh1 h4 52. Kg1 Kg4 53. Kg2
h3+ 54. Kh2 Kh4 55. Kg1 Kg3 56. Kh1 {Game drawn by mutual agreement} 1/2-1/2

[Event "Team 45 45 League T55"]
[Site "Internet Chess Club"]
[Date "2012.12.21"]
[Round "6"]
[White "almond123"]
[Black "RD1974"]
[Result "0-1"]
[WhiteElo "1470"]
[BlackElo "1670"]
[Opening "Sicilian: Kan, 5.Nc3"]
[ECO "B43"]
[Time "17:07:41"]
[TimeControl "2700+45"]

1. e4 c5 2. Nf3 e6 3. d4 cxd4 4. Nxd4 a6 5. Nc3 Bb4 6. Bd2 Nf6 7. Bd3 Qc7 8. a3
Bc5 9. Nb3 Ba7 10. O-O b5 11. Qf3 Bb7 12. Be3 Nc6 13. Bxa7 Ne5 14. Qg3 Rxa7 15.
Qxg7 Nf3+ 16. gxf3 Rg8 17. Qxg8+ Nxg8 18. Rfe1 Qf4 19. Be2 Ne7 20. Kh1 Ng6 21.
Rg1 Ke7 22. Rg4 Qf6 23. Re1 h5 24. Rgg1 h4 25. Nc5 Bc6 26. Bd1 Nf4 27. e5 Qf5
28. N3e4 Nh3 29. Rgf1 Ra8 30. Re3 Qxe5 31. Kg2 Nf4+ 32. Kh1 a5 33. Nb3 Nh3 34.
Kg2 Rg8+ 35. Kxh3 Qf5+ 36. Kxh4 Qh7# {White checkmated} 0-1

[Event "Team 45 45 League T55"]
[Site "Internet Chess Club"]
[Date "2012.12.26"]
[Round "6"]
[White "amicusUK"]
[Black "DouDou"]
[Result "1-0"]
[WhiteElo "1654"]
[BlackElo "1616"]
[Opening "Queen's pawn: London system"]
[ECO "A45"]
[Time "13:30:09"]
[TimeControl "2700+45"]

1. d4 Nf6 2. Bf4 e6 3. e3 c5 4. c3 Nc6 5. Nd2 d5 6. Ngf3 Be7 7. Bd3 c4 8. Bc2
O-O 9. Ne5 Bd7 10. Qf3 Rc8 11. Qh3 h6 12. g4 Nxe5 13. dxe5 Nh7 14. Nf3 Ng5 15.
Nxg5 Bxg5 16. Bxg5 Qxg5 17. f4 Qe7 18. g5 f6 19. gxh6 gxh6 20. Rg1+ Kf7 21. Qh5#
{Black checkmated} 1-0

[Event "Team 45 45 League T55"]
[Site "Internet Chess Club"]
[Date "2012.12.21"]
[Round "6"]
[White "ilovechess"]
[Black "palm47"]
[Result "0-1"]
[WhiteElo "1578"]
[BlackElo "1493"]
[Opening "Philidor: Nimzovich variation"]
[ECO "C41"]
[Time "21:00:43"]
[TimeControl "2700+45"]

1. e4 e5 2. Nf3 d6 3. d4 Nf6 4. dxe5 Nxe4 5. Qe2 Bf5 6. Nbd2 Nxd2 7. exd6+ Ne4
8. Nd2 Bxd6 9. Nxe4 O-O 10. Nxd6 cxd6 11. Be3 Nc6 12. g3 Nb4 13. Bg2 Nxc2+ 14.
Kd2 Qa5+ 15. Kd1 Nxa1 16. Bd2 Qxa2 17. Bxb7 Bc2+ 18. Ke1 Qb1+ {White resigns}
0-1

[Event "Team 45 45 League T55"]
[Site "Internet Chess Club"]
[Date "2012.12.22"]
[Round "6"]
[White "AVEMARIA"]
[Black "Bluecat"]
[Result "0-1"]
[WhiteElo "1678"]
[BlackElo "1983"]
[Opening "Caro-Kann: classical variation"]
[ECO "B18"]
[Time "06:01:14"]
[TimeControl "2700+45"]

1. e4 c6 2. d4 d5 3. Nc3 dxe4 4. Nxe4 Bf5 5. Ng3 Bg6 6. Nf3 Nd7 7. Bd3 Bxd3 8.
Qxd3 Ngf6 9. O-O Qc7 10. c4 e6 11. a3 Bd6 12. b4 O-O 13. Bb2 Rfd8 14. Qb3 a6 15.
Rfe1 Rab8 16. Rac1 Bf4 17. Rc2 a5 18. d5 axb4 19. dxe6 Nc5 20. exf7+ Qxf7 21.
Qxb4 Nd3 22. Qe7 Nxe1 23. Qxf7+ Kxf7 24. Nxe1 Rd1 25. Re2 Bd2 26. Kf1 Re8 27.
Rxe8 Kxe8 28. Ke2 Rxe1+ 29. Kxd2 Rg1 30. Bxf6 gxf6 31. Ne4 Rxg2 32. Nxf6+ Ke7
33. Ne4 Rxh2 34. Ke3 h5 35. a4 h4 36. a5 Rg2 37. f4 h3 38. Kf3 Rg1 39. Ng5 h2
{White resigns} 0-1